BOTTOM OF THE 1ST |
Echo Park Lakers batting - Pitching for Ft. Worth Cattlemen : RHP Armando Romano
|
Pitching: RHP Armando Romano
|
|
Batting: RHB Guillermo Coss
|
0-0: Ball 1-0: Foul Ball, location: 2F 1-1: Ball 2-1: Ball 3-1: Base on Balls
|
Batting: LHB Tony Vega
|
0-0: Ball 1-0: Swinging Strike 1-1: Ball 2-1: Ball 3-1: SINGLE (Groundball, 56D) Guillermo Coss to second
|
Batting: RHB Chris Harrell
|
0-0: Called Strike 0-1: Foul Ball, location: 2F 0-2: Ground out 5-3 (Groundball, 56S) Guillermo Coss to third Tony Vega to second
|
Batting: RHB António López
|
0-0: Ball Wild Pitch! Guillermo Coss scores Tony Vega to third 1-0: Ball 2-0: Ball 3-0: Called Strike 3-1: Called Strike 3-2: Foul Ball, location: 2F 3-2: Ground out U3 (Groundball, 34) Tony Vega scores
|
Batting: RHB Alfredo Mojica
|
0-0: Called Strike 0-1: Fly out, F9 (Line Drive, 89M)
|
Bottom of the 1st over - 2 runs, 1 hit, 0 errors, 0 left on base; Ft. Worth 1 - Echo Park 2 |
TOP OF THE 2ND |
Ft. Worth Cattlemen batting - Pitching for Echo Park Lakers : RHP Mark Collingwood
|
Batting: LHB Rick Mayfield
|
0-0: Ball 1-0: Called Strike 1-1: Ball 2-1: Ground out 3-1 (Groundball, 34)
|
Batting: SHB Roberto Mosca
|
0-0: Fly out, F8 (Flyball, 89D)
|
Batting: LHB Nobuo Yamashita
|
0-0: Ground out U3 (Groundball, 3)
|
Top of the 2nd over - 0 runs, 0 hits, 0 errors, 0 left on base; Ft. Worth 1 - Echo Park 2 |
BOTTOM OF THE 2ND |
Echo Park Lakers batting - Pitching for Ft. Worth Cattlemen : RHP Armando Romano
|
Batting: RHB Freddy Torres
|
0-0: Called Strike 0-1: Ball 1-1: Swinging Strike 1-2: Strikes out swinging
|
Batting: SHB Toby Sutton
|
0-0: Called Strike 0-1: Called Strike 0-2: Foul Ball, location: 2F 0-2: Ball 1-2: Foul Ball, location: 2F 1-2: Strikes out looking
|
Batting: LHB Bartolo Sierra
|
0-0: Swinging Strike 0-1: Called Strike 0-2: Strikes out swinging, 2-3 out at first.
|
Bottom of the 2nd over - 0 runs, 0 hits, 0 errors, 0 left on base; Ft. Worth 1 - Echo Park 2 |
TOP OF THE 3RD |
Ft. Worth Cattlemen batting - Pitching for Echo Park Lakers : RHP Mark Collingwood
|
Batting: RHB Vincent Vega
|
0-0: SINGLE (Groundball, 4MD)
|
Batting: RHB Juan Aguirre
|
0-0: Ball 1-0: Called Strike 1-1: Ball 2-1: Swinging Strike 2-2: Ball 3-2: Ground out U3 (Groundball, 34S) Vincent Vega to second
|
Batting: LHB Chris Etheridge
|
0-0: Ball 1-0: Foul Ball, location: 2F 1-1: Called Strike 1-2: SINGLE (Line Drive, 8RS) Vincent Vega to third Runner from 3rd tries for Home, SAFE, throw made home
|
Batting: RHB Rich Flannery
|
0-0: Ball Chris Etheridge is caught stealing 2nd base 1-0: Fly out, F7 (Flyball, 78M)
|
Top of the 3rd over - 1 run, 2 hits, 0 errors, 0 left on base; Ft. Worth 2 - Echo Park 2 |
BOTTOM OF THE 3RD |
Echo Park Lakers batting - Pitching for Ft. Worth Cattlemen : RHP Armando Romano
|
Batting: RHB Noël Sassetti
|
0-0: Ground out 5-3 (Groundball, 56)
|
Batting: RHB Guillermo Coss
|
0-0: Ball 1-0: Ball 2-0: Ball 3-0: Called Strike 3-1: Called Strike 3-2: Ground out 4-3 (Groundball, 4S)
|
Batting: LHB Tony Vega
|
0-0: Foul Ball, location: 2F 0-1: Ball 1-1: Ball 2-1: Ball 3-1: Called Strike 3-2: Strikes out looking
|
Bottom of the 3rd over - 0 runs, 0 hits, 0 errors, 0 left on base; Ft. Worth 2 - Echo Park 2 |
TOP OF THE 4TH |
Ft. Worth Cattlemen batting - Pitching for Echo Park Lakers : RHP Mark Collingwood
|
Batting: LHB Jesús Morales
|
0-0: Called Strike 0-1: Ball 1-1: Swinging Strike 1-2: Ground out 1-3 (Groundball, 13)
|
Batting: RHB Gilberto Juárez
|
0-0: Called Strike 0-1: Foul Ball, location: 2F 0-2: Ball 1-2: Strikes out swinging
|
Batting: LHB Rick Mayfield
|
0-0: Ball 1-0: Called Strike 1-1: Called Strike 1-2: Foul Ball, location: 2F 1-2: Foul Ball, location: 2F 1-2: Ground out 6-3 (Groundball, 6S)
|
Top of the 4th over - 0 runs, 0 hits, 0 errors, 0 left on base; Ft. Worth 2 - Echo Park 2 |
BOTTOM OF THE 4TH |
Echo Park Lakers batting - Pitching for Ft. Worth Cattlemen : RHP Armando Romano
|
Batting: RHB Chris Harrell
|
0-0: Foul Ball, location: 2F 0-1: Foul Ball, location: 2F 0-2: Foul Ball, location: 2F 0-2: Foul Ball, location: 2F 0-2: DOUBLE (Line Drive, 89D)
|
Batting: RHB António López
|
0-0: Called Strike 0-1: Ball 1-1: Ground out 1-3 (Groundball, P) Chris Harrell to third
|
Batting: RHB Alfredo Mojica
|
0-0: Ball 1-0: Called Strike 1-1: Called Strike 1-2: Strikes out swinging
|
Batting: RHB Freddy Torres
|
0-0: Called Strike 0-1: Foul Ball, location: 2F 0-2: Ball 1-2: Ball 2-2: Ball 3-2: DOUBLE (Line Drive, 7LM) Chris Harrell scores
|
Batting: SHB Toby Sutton
|
0-0: DOUBLE (Flyball, 8LD) Freddy Torres scores
|
Batting: LHB Bartolo Sierra
|
0-0: Ball 1-0: Swinging Strike 1-1: Ball 2-1: Swinging Strike 2-2: Strikes out swinging
|
Bottom of the 4th over - 2 runs, 3 hits, 0 errors, 1 left on base; Ft. Worth 2 - Echo Park 4 |
TOP OF THE 5TH |
Ft. Worth Cattlemen batting - Pitching for Echo Park Lakers : RHP Mark Collingwood
|
Batting: SHB Roberto Mosca
|
0-0: Called Strike 0-1: Ball 1-1: Ball 2-1: Ball 3-1: Base on Balls
|
Batting: LHB Nobuo Yamashita
|
0-0: Foul Ball, location: 2F 0-1: Foul Ball, location: 2F 0-2: Foul Ball, location: 2F 0-2: Foul Ball, location: 2F 0-2: Ball 1-2: Strikes out swinging
|
Batting: RHB Vincent Vega
|
0-0: Ball 1-0: Called Strike 1-1: Called Strike 1-2: Foul Ball, location: 2F 1-2: Ball 2-2: Foul Ball, location: 2F 2-2: Fly out, F9 (Flyball, 9S)
|
Batting: RHB Juan Aguirre
|
0-0: Foul Ball, location: 2F 0-1: Ball 1-1: SINGLE (Groundball, 6MD) Roberto Mosca to second
|
Batting: LHB Chris Etheridge
|
0-0: Ground out 4-3 (Groundball, 4S)
|
Top of the 5th over - 0 runs, 1 hit, 0 errors, 2 left on base; Ft. Worth 2 - Echo Park 4 |
BOTTOM OF THE 5TH |
Echo Park Lakers batting - Pitching for Ft. Worth Cattlemen : RHP Armando Romano
|
Batting: RHB Noël Sassetti
|
0-0: Ground out 5-3 (Groundball, 56)
|
Batting: RHB Guillermo Coss
|
0-0: Foul Ball, location: 2F 0-1: Ball 1-1: Called Strike 1-2: SINGLE (Groundball, 56D)
|
Batting: LHB Tony Vega
|
0-0: Ball 1-0: Foul Ball, location: 2F 1-1: Swinging Strike 1-2: Fly out, F5 (Popup, 56S)
|
Batting: RHB Chris Harrell
|
0-0: Fly out, F7 (Flyball, 78XD)
|
Bottom of the 5th over - 0 runs, 1 hit, 0 errors, 1 left on base; Ft. Worth 2 - Echo Park 4 |
TOP OF THE 6TH |
Ft. Worth Cattlemen batting - Pitching for Echo Park Lakers : RHP Mark Collingwood
|
Batting: RHB Rich Flannery
|
0-0: Called Strike 0-1: Ground out 6-3 (Groundball, 6M)
|
Batting: LHB Jesús Morales
|
0-0: Foul Ball, location: 2F 0-1: Ball 1-1: Ground out 5-3 (Groundball, 56)
|
Batting: RHB Gilberto Juárez
|
0-0: Ball 1-0: Swinging Strike 1-1: SINGLE (Line Drive, 4D)
|
Batting: LHB Rick Mayfield
|
0-0: Ball Gilberto Juárez steals 2nd base 1-0: Foul Ball, location: 2F 1-1: Swinging Strike 1-2: Fly out, F9 (Flyball, 9S)
|
Top of the 6th over - 0 runs, 1 hit, 0 errors, 1 left on base; Ft. Worth 2 - Echo Park 4 |
BOTTOM OF THE 6TH |
Echo Park Lakers batting - Pitching for Ft. Worth Cattlemen : RHP Armando Romano
|
Batting: RHB António López
|
0-0: SINGLE (Groundball, 6MD)
|
Batting: RHB Alfredo Mojica
|
0-0: Foul Ball, location: 2F 0-1: Foul Ball, location: 2F 0-2: SINGLE (Groundball, 5D) António López to second
|
Pitching: RHP Dave Seals
|
|
Batting: RHB Freddy Torres
|
0-0: Ball 1-0: Bunted foul 1-1: Sac Bunt - play at first, batter OUT! 5-4 António López to third Alfredo Mojica to second
|
Batting: SHB Toby Sutton
|
0-0: Called Strike 0-1: Called Strike 0-2: Ball 1-2: Ball 2-2: Foul Ball, location: 2F 2-2: Foul Ball, location: 2F 2-2: Ball 3-2: Base on Balls
|
Batting: LHB Bartolo Sierra
|
0-0: Ball 1-0: Called Strike 1-1: Foul Ball, location: 2F 1-2: Ball 2-2: Fielders Choice at 2nd, 3-6 (Groundball, 3) António López scores Alfredo Mojica to third
|
Batting: RHB Noël Sassetti
|
0-0: Called Strike Bartolo Sierra steals 2nd base 0-1: Called Strike 0-2: Foul Ball, location: 2F 0-2: Ball 1-2: Strikes out swinging
|
Bottom of the 6th over - 1 run, 2 hits, 0 errors, 2 left on base; Ft. Worth 2 - Echo Park 5 |
TOP OF THE 7TH |
Ft. Worth Cattlemen batting - Pitching for Echo Park Lakers : RHP Mark Collingwood
|
Batting: SHB Roberto Mosca
|
0-0: Called Strike 0-1: Ball 1-1: Ball 2-1: Foul Ball, location: 2F 2-2: SINGLE (Groundball, 34D)
|
Batting: LHB Nobuo Yamashita
|
0-0: Ball 1-0: Sac Bunt - play at first, batter OUT! 1-3 Roberto Mosca to second
|
Batting: RHB Vincent Vega
|
0-0: Ball 1-0: Foul Ball, location: 2F 1-1: Ball 2-1: Swinging Strike 2-2: Ball 3-2: Strikes out swinging
|
Batting: RHB Juan Aguirre
|
0-0: Ball 1-0: Ball 2-0: Called Strike 2-1: Foul Ball, location: 2F 2-2: Ball 3-2: Strikes out swinging
|
Top of the 7th over - 0 runs, 1 hit, 0 errors, 1 left on base; Ft. Worth 2 - Echo Park 5 |
BOTTOM OF THE 7TH |
Echo Park Lakers batting - Pitching for Ft. Worth Cattlemen : RHP Dave Seals
|
Batting: RHB Guillermo Coss
|
0-0: Ball 1-0: Called Strike 1-1: Ball 2-1: Called Strike 2-2: Foul Ball, location: 2F 2-2: Foul Ball, location: 2F 2-2: Fly out, F8 (Flyball, 8LXD)
|
Batting: LHB Tony Vega
|
0-0: Foul Ball, location: 2F 0-1: Foul Ball, location: 2F 0-2: Ball 1-2: Ball 2-2: Foul Ball, location: 2F 2-2: Fly out, F9 (Flyball, 9LSF)
|
Batting: RHB Chris Harrell
|
0-0: Fly out, F6 (Line Drive, 6)
|
Bottom of the 7th over - 0 runs, 0 hits, 0 errors, 0 left on base; Ft. Worth 2 - Echo Park 5 |
TOP OF THE 8TH |
Ft. Worth Cattlemen batting - Pitching for Echo Park Lakers : RHP Mark Collingwood
|
Batting: LHB Chris Etheridge
|
0-0: Called Strike 0-1: Foul Ball, location: 2F 0-2: Fly out, F8 (Flyball, 89M)
|
Batting: RHB Rich Flannery
|
0-0: Ball 1-0: Fly out, F9 (Line Drive, 9S)
|
Batting: LHB Jesús Morales
|
0-0: Ball 1-0: Fly out, F9 (Line Drive, 9S)
|
Top of the 8th over - 0 runs, 0 hits, 0 errors, 0 left on base; Ft. Worth 2 - Echo Park 5 |
BOTTOM OF THE 8TH |
Echo Park Lakers batting - Pitching for Ft. Worth Cattlemen : RHP Dave Seals
|
Batting: RHB António López
|
0-0: Ball 1-0: Ground out 6-3 (Groundball, 6M)
|
Batting: RHB Alfredo Mojica
|
0-0: Ball 1-0: Ball 2-0: Called Strike 2-1: Called Strike 2-2: Ground out 4-3 (Groundball, 4)
|
Batting: RHB Freddy Torres
|
0-0: Called Strike 0-1: Ball 1-1: Ground out 6-3 (Groundball, 6)
|
Bottom of the 8th over - 0 runs, 0 hits, 0 errors, 0 left on base; Ft. Worth 2 - Echo Park 5 |
TOP OF THE 9TH |
Ft. Worth Cattlemen batting - Pitching for Echo Park Lakers : RHP Mark Collingwood
|
Batting: RHB Gilberto Juárez
|
0-0: Ball 1-0: Foul Ball, location: 2F 1-1: Ground out 5-3 (Groundball, 56S)
|
Batting: LHB Rick Mayfield
|
0-0: Called Strike 0-1: DOUBLE (Line Drive, 9LM)
|
Pitching: RHP Jeffery Prosser
|
|
Batting: SHB Roberto Mosca
|
0-0: Ball 1-0: Ball 2-0: Fly out, F8 (Flyball, 8LD)
|
Batting: LHB Nobuo Yamashita
|
0-0: Fly out, F4 (Line Drive, 4M)
|
Top of the 9th over - 0 runs, 1 hit, 0 errors, 1 left on base; Ft. Worth 2 - Echo Park 5 |
|